[ AOE2 MATCH · #506454085 ]
UnrankedBurgundians vs Poles
Player's team · LOSS
Rival team · WIN
[ REPLAY ANALYSIS · EXTRACTED FROM THE RECORDED GAME ]
Feudal
9:52
Castle
23:36
Imperial
36:15
| APM avg | 32.4 |
| APM peak | 99 |
| eAPM avg | 18.5 |
| Villagers / military | 84 / 28 |
Focus
⚔️ 16.9% · 🌾 83.1%
Hand Cannoneer ×19 · Mangonel ×3 · Coustillier ×3 · Militia ×2 · Scorpion ×1
Feudal
8:34
Castle
22:12
Imperial
34:37
| APM avg | 48.1 |
| APM peak | 81 |
| eAPM avg | 33.2 |
| Villagers / military | 141 / 68 |
Focus
⚔️ 30.0% · 🌾 70.0%
Knight ×27 · Petard ×13 · Obuch ×12 · Battering Ram ×11 · Monk ×3 · Trebuchet (Packed) ×2
Match map
Initial resources + every placement click. Lines = walls · curves = elevation contours. ◆ gold · ⬟ stone · ● berries · ✦ relic · ◌ wall gap
Your base· ✓ Closed at 23:36 · 0t walls · 3 gate(s)
Potro Occidental's base· ✓ Closed at 22:12 · 6t walls · 2 gate(s)
Smoothed initial terrain · ◌ = detected wall gap · hover for details
Inputs per minute
— AoE2 ANGEL - - Potro Occidental
Build order — AoE2 ANGEL
First 150 of 241 actions detected
| 0:00 | Queue | Villager (Male) |
| 0:00 | Queue | Villager (Male) |
| 0:02 | Build | House |
| 0:03 | Build | House |
| 0:11 | Queue | Villager (Male) |
| 0:11 | Queue | Villager (Male) |
| 0:11 | Queue | Villager (Male) |
| 1:24 | Queue | Villager (Male) |
| 2:00 | Queue | Villager (Male) |
| 2:01 | Queue | Villager (Male) |
| 2:22 | Queue | Villager (Male) |
| 2:35 | Build | Lumber Camp |
| 2:55 | Queue | Villager (Male) |
| 3:15 | Queue | Villager (Male) |
| 3:36 | Queue | Villager (Male) |
| 3:54 | Build | House |
| 3:56 | Queue | Villager (Male) |
| 4:11 | Research | Double-Bit Axe |
| 4:31 | Queue | Villager (Male) |
| 5:10 | Queue | Villager (Male) |
| 5:34 | Queue | Villager (Male) |
| 5:39 | Build | Mill |
| 5:59 | Queue | Villager (Male) |
| 6:25 | Queue | Villager (Male) |
| 6:48 | Research | Loom |
| 7:17 | Research | Loom |
| 7:34 | Research | Feudal Age |
| 8:28 | Build | Barracks |
| 8:39 | Build | House |
| 9:27 | Build | House |
| 9:28 | Queue | Militia |
| 9:41 | Build | Mining Camp |
| 9:51 | Queue | Villager (Male) |
| 9:52 | Age | Feudal Age |
| 9:57 | Build | Farm |
| 10:01 | Build | Farm |
| 10:02 | Queue | Militia |
| 10:08 | Research | Bow Saw |
| 10:14 | Build | Farm |
| 10:16 | Queue | Villager (Male) |
| 10:26 | Build | Farm |
| 10:33 | Queue | Villager (Male) |
| 10:40 | Queue | Villager (Male) |
| 10:49 | Build | Farm |
| 11:03 | Build | Farm |
| 11:07 | Queue | Villager (Male) |
| 11:25 | Queue | Villager (Male) |
| 11:25 | Queue | Villager (Male) |
| 11:31 | Build | Farm |
| 11:38 | Build | House |
| 11:47 | Build | Farm |
| 11:49 | Build | Farm |
| 11:50 | Queue | Villager (Male) |
| 11:50 | Queue | Villager (Male) |
| 12:08 | Build | Outpost |
| 12:23 | Research | Town Watch |
| 12:32 | Build | Farm |
| 12:46 | Build | Outpost |
| 12:48 | Queue | Villager (Male) |
| 12:57 | Build | Mining Camp |
| 13:02 | Queue | Villager (Male) |
| 13:13 | Build | Farm |
| 13:20 | Build | Farm |
| 13:28 | Build | Watch Tower |
| 13:35 | Queue | Villager (Male) |
| 13:41 | Build | Blacksmith |
| 13:44 | Queue | Villager (Male) |
| 14:18 | Queue | Villager (Male) |
| 14:27 | Queue | Villager (Male) |
| 14:32 | Build | Farm |
| 14:33 | Build | Farm |
| 14:38 | Research | Fletching |
| 14:54 | Queue | Villager (Male) |
| 14:54 | Queue | Villager (Male) |
| 15:02 | Build | Farm |
| 15:14 | Build | House |
| 15:16 | Queue | Villager (Male) |
| 15:41 | Build | Farm |
| 15:52 | Build | House |
| 15:53 | Queue | Villager (Male) |
| 16:20 | Build | Watch Tower |
| 16:31 | Queue | Villager (Male) |
| 16:38 | Build | Lumber Camp |
| 16:58 | Build | House |
| 17:07 | Queue | Villager (Male) |
| 17:39 | Build | House |
| 17:58 | Queue | Villager (Male) |
| 18:01 | Queue | Villager (Male) |
| 18:06 | Build | Market |
| 18:34 | Queue | Villager (Male) |
| 18:40 | Research | Horse Collar |
| 18:59 | Queue | Villager (Male) |
| 19:10 | Queue | Villager (Male) |
| 19:23 | Build | House |
| 19:37 | Queue | Villager (Male) |
| 19:56 | Build | Farm |
| 20:30 | Queue | Villager (Male) |
| 20:33 | Queue | Villager (Male) |
| 20:36 | Build | House |
| 20:38 | Build | Farm |
| 20:42 | Build | Farm |
| 20:56 | Research | Castle Age |
| 20:57 | Research | Castle Age |
| 21:11 | Build | Farm |
| 21:22 | Build | Farm |
| 21:44 | Build | House |
| 21:59 | Research | Heavy Plow |
| 23:36 | Age | Castle Age |
| 23:44 | Build | Town Center |
| 23:47 | Queue | Villager (Male) |
| 23:58 | Build | Castle |
| 24:48 | Queue | Villager (Male) |
| 24:55 | Build | Farm |
| 24:58 | Build | Mill |
| 25:00 | Build | Farm |
| 25:00 | Build | Farm |
| 25:00 | Build | Farm |
| 25:19 | Queue | Villager (Male) |
| 25:28 | Build | Siege Workshop |
| 25:33 | Queue | Villager (Male) |
| 25:33 | Queue | Villager (Male) |
| 25:39 | Build | Farm |
| 26:07 | Queue | Mangonel |
| 26:31 | Build | House |
| 26:39 | Build | Gate |
| 26:52 | Queue | Villager (Male) |
| 26:57 | Queue | Mangonel |
| 27:00 | Queue | Villager (Male) |
| 27:03 | Build | Farm |
| 27:06 | Build | Farm |
| 27:08 | Build | Farm |
| 27:10 | Build | Farm |
| 27:13 | Build | Farm |
| 27:14 | Queue | Villager (Male) |
| 27:18 | Build | Farm |
| 27:21 | Queue | Villager (Male) |
| 27:30 | Queue | Coustillier |
| 27:34 | Queue | Coustillier |
| 27:53 | Queue | Coustillier |
| 28:28 | Queue | Villager (Male) |
| 28:47 | Build | Town Center |
| 28:50 | Build | Siege Workshop |
| 28:51 | Queue | Villager (Male) |
| 28:59 | Research | Bodkin Arrow |
| 28:59 | Research | Bodkin Arrow |
| 29:09 | Build | Palisade Gate |
| 29:13 | Queue | Villager (Male) |
| 29:13 | Queue | Villager (Male) |
| 29:33 | Queue | Villager (Male) |
| 29:42 | Build | Farm |
Build order — Potro Occidental
First 150 of 367 actions detected
| 0:02 | Queue | Villager (Male) |
| 0:02 | Queue | Villager (Male) |
| 0:02 | Queue | Villager (Male) |
| 0:02 | Queue | Villager (Male) |
| 0:02 | Queue | Villager (Male) |
| 0:04 | Build | House |
| 0:05 | Build | House |
| 1:20 | Queue | Villager (Male) |
| 1:45 | Queue | Villager (Male) |
| 1:45 | Queue | Villager (Male) |
| 2:10 | Queue | Villager (Male) |
| 2:21 | Queue | Villager (Male) |
| 2:21 | Queue | Villager (Male) |
| 2:37 | Build | Lumber Camp |
| 2:53 | Queue | Villager (Male) |
| 3:30 | Queue | Villager (Male) |
| 3:30 | Queue | Villager (Male) |
| 3:50 | Build | House |
| 4:13 | Queue | Villager (Male) |
| 4:21 | Queue | Villager (Male) |
| 5:11 | Build | Mill |
| 5:28 | Queue | Villager (Male) |
| 5:52 | Queue | Villager (Male) |
| 6:24 | Research | Feudal Age |
| 6:24 | Research | Feudal Age |
| 6:27 | Research | Loom |
| 7:23 | Build | Mining Camp |
| 8:30 | Queue | Villager (Male) |
| 8:34 | Age | Feudal Age |
| 8:37 | Build | Watch Tower |
| 8:43 | Build | Watch Tower |
| 8:44 | Queue | Villager (Male) |
| 8:46 | Research | Double-Bit Axe |
| 8:47 | Queue | Villager (Male) |
| 8:59 | Queue | Villager (Male) |
| 9:09 | Queue | Villager (Male) |
| 9:49 | Build | Blacksmith |
| 9:55 | Queue | Villager (Male) |
| 10:15 | Build | House |
| 10:30 | Queue | Villager (Male) |
| 10:34 | Research | Fletching |
| 10:37 | Queue | Villager (Male) |
| 10:40 | Build | Watch Tower |
| 10:59 | Queue | Villager (Male) |
| 11:15 | Build | Palisade Wall |
| 11:22 | Build | Palisade Wall |
| 11:29 | Queue | Villager (Male) |
| 11:50 | Build | Watch Tower |
| 12:06 | Build | Farm |
| 12:09 | Queue | Villager (Male) |
| 12:09 | Queue | Villager (Male) |
| 12:14 | Build | House |
| 12:25 | Build | Farm |
| 12:46 | Build | Palisade Wall |
| 12:48 | Build | Palisade Wall |
| 12:52 | Queue | Villager (Male) |
| 12:52 | Queue | Villager (Male) |
| 12:57 | Build | Farm |
| 13:02 | Queue | Villager (Male) |
| 13:11 | Build | Farm |
| 13:26 | Build | Watch Tower |
| 13:27 | Queue | Villager (Male) |
| 13:27 | Queue | Villager (Male) |
| 13:27 | Queue | Villager (Male) |
| 13:34 | Build | Farm |
| 13:48 | Queue | Villager (Male) |
| 13:48 | Queue | Villager (Male) |
| 14:03 | Build | Palisade Wall |
| 14:07 | Build | House |
| 14:17 | Queue | Villager (Male) |
| 14:17 | Queue | Villager (Male) |
| 14:18 | Queue | Villager (Male) |
| 14:33 | Build | Farm |
| 14:34 | Queue | Villager (Male) |
| 14:41 | Build | Palisade Wall |
| 14:56 | Build | Watch Tower |
| 14:57 | Queue | Villager (Male) |
| 15:00 | Queue | Villager (Male) |
| 15:08 | Build | Market |
| 15:09 | Queue | Villager (Male) |
| 15:34 | Queue | Villager (Male) |
| 15:44 | Build | Mill |
| 15:46 | Queue | Villager (Male) |
| 15:56 | Build | House |
| 16:05 | Queue | Villager (Male) |
| 16:24 | Queue | Villager (Male) |
| 16:33 | Build | Farm |
| 16:38 | Queue | Villager (Male) |
| 16:41 | Build | Farm |
| 16:42 | Queue | Villager (Male) |
| 16:49 | Build | Watch Tower |
| 17:01 | Build | Farm |
| 17:03 | Queue | Villager (Male) |
| 17:17 | Queue | Villager (Male) |
| 17:24 | Build | Farm |
| 17:27 | Queue | Villager (Male) |
| 17:34 | Queue | Villager (Male) |
| 17:44 | Queue | Villager (Male) |
| 17:50 | Build | Watch Tower |
| 17:50 | Queue | Villager (Male) |
| 18:06 | Queue | Villager (Male) |
| 18:19 | Queue | Villager (Male) |
| 18:19 | Queue | Villager (Male) |
| 18:39 | Build | Farm |
| 18:49 | Queue | Villager (Male) |
| 18:51 | Queue | Villager (Male) |
| 19:02 | Queue | Villager (Male) |
| 19:05 | Queue | Villager (Male) |
| 19:13 | Queue | Villager (Male) |
| 19:23 | Build | Lumber Camp |
| 19:27 | Research | Castle Age |
| 19:28 | Research | Castle Age |
| 20:13 | Queue | Villager (Male) |
| 20:37 | Research | Horse Collar |
| 20:37 | Research | Horse Collar |
| 20:42 | Build | House |
| 20:44 | Queue | Villager (Male) |
| 21:18 | Queue | Villager (Male) |
| 21:40 | Build | House |
| 22:12 | Age | Castle Age |
| 22:14 | Build | University |
| 22:15 | Queue | Villager (Male) |
| 22:16 | Research | Bodkin Arrow |
| 22:17 | Research | Bodkin Arrow |
| 22:20 | Queue | Villager (Male) |
| 22:34 | Build | Castle |
| 22:35 | Queue | Villager (Male) |
| 22:44 | Queue | Villager (Male) |
| 22:52 | Research | Bow Saw |
| 22:52 | Research | Bow Saw |
| 22:53 | Queue | Villager (Male) |
| 22:57 | Build | Farm |
| 22:58 | Queue | Villager (Male) |
| 23:06 | Build | Farm |
| 23:10 | Research | Guard Tower (upgrade) |
| 23:14 | Build | Farm |
| 23:15 | Build | Farm |
| 23:18 | Build | Outpost |
| 23:19 | Queue | Villager (Male) |
| 23:39 | Queue | Villager (Male) |
| 23:51 | Build | Mining Camp |
| 23:56 | Queue | Petard |
| 23:56 | Queue | Petard |
| 23:56 | Queue | Petard |
| 23:56 | Queue | Petard |
| 24:07 | Build | Lumber Camp |
| 24:08 | Queue | Villager (Male) |
| 24:15 | Build | Outpost |
| 24:20 | Build | Farm |
| 24:22 | Queue | Villager (Male) |
Match timeline
| 8:28 | AoE2 ANGEL · first_building Barracks |
| 8:34 | Potro Occidental · age_up feudal |
| 9:52 | AoE2 ANGEL · age_up feudal |
| 11:15 | Potro Occidental · wall_segment Palisade Wall x1 |
| 11:22 | Potro Occidental · wall_segment Palisade Wall x1 |
| 12:46 | Potro Occidental · wall_segment Palisade Wall x1 |
| 12:48 | Potro Occidental · wall_segment Palisade Wall x1 |
| 14:03 | Potro Occidental · wall_segment Palisade Wall x1 |
| 14:41 | Potro Occidental · wall_segment Palisade Wall x1 |
| 19:48 | AoE2 ANGEL · first_market_buy 100 food |
| 22:12 | Potro Occidental · age_up castle |
| 22:34 | Potro Occidental · first_building Castle |
| 23:36 | AoE2 ANGEL · age_up castle |
| 23:58 | AoE2 ANGEL · first_building Castle |
| 24:48 | Potro Occidental · first_building Siege Workshop |
| 25:28 | AoE2 ANGEL · first_building Siege Workshop |
| 25:44 | Potro Occidental · first_building Barracks |
| 27:05 | Potro Occidental · first_building Monastery |
| 31:07 | Potro Occidental · first_market_sell 100 food |
| 31:37 | AoE2 ANGEL · wall_segment Stone Wall x1 |
| 32:09 | Potro Occidental · first_building Stable |
| 32:17 | AoE2 ANGEL · wall_segment Stone Wall x2 |
| 33:15 | AoE2 ANGEL · first_building Archery Range |
| 34:37 | Potro Occidental · age_up imperial |
| 36:15 | AoE2 ANGEL · age_up imperial |
| 38:57 | AoE2 ANGEL · first_market_sell 100 wood |
| 39:10 | AoE2 ANGEL · wall_segment Palisade Wall x1 |
| 39:32 | AoE2 ANGEL · resign |
[ AI ANALYSIS · 1 CREDIT ]
What really happened in this match?
Wolo.gg analyzes every decision: build order, eco, micro, common mistakes by bracket. Personalized analysis on WhatsApp or Discord in 30 seconds.
Civ guide
Burgundians
Perfil
AoE2 ANGEL